 Dungeon Crawl Stone Soup version 0.30.0-29-ga12c61a403 (webtiles) character file.

Game seed: 4220846965423976968

371 qw the Chopper (level 6, 0/38 HPs)
             Began as a Gargoyle Fighter on June 5, 2023.
             Slain by a gnoll sergeant
             ... wielding a +4 heavy spear
              (3 damage)
             ... on level 6 of the Dungeon.
             The game lasted 00:01:36 (2373 turns).

qw the Chopper (Gargoyle Fighter)                   Turns: 2373, Time: 00:01:36

Health: 0/38       AC: 18    Str: 22    XL:     6   Next: 71%
Magic:  0/6        EV:  6    Int:  8    God:
Gold:   190        SH:  4    Dex:  9    Spells: 5/5 levels left

rFire   + + .        Y - +0 war axe
rCold   . . .        c - +0 buckler
rNeg    + . .        m - +0 plate armour
rPois   inf          (no helmet)
rElec   +            i - +0 cloak
rCorr   .            (no gloves)
SInv    .            k - +0 pair of boots
Will    .....        n - amulet of guardian spirit Stlth
                     f - ring of protection from fire
HPRegen 0.26/turn    l - ring of protection from fire
MPRegen 0.10/turn

%: guardian spirit
@: about to teleport
A: sickness immunity, AC +4, negative energy resistance 1, electricity
resistance, torment resistance 1, petrification resistance
a: no special abilities


You were on level 6 of the Dungeon.
You visited 1 branch of the dungeon, and saw 7 of its levels.

You collected 190 gold pieces.


Innate Abilities, Weirdness & Mutations

You are immune to sickness and miasma.
Your stone body is resilient. (AC +4)
You are immune to poison.
You resist negative energy. (rN+)
You are resistant to electric shocks. (rElec)
You are resistant to unholy torment.
You are immune to petrification.


   Skills:
 - Level 4.0 Fighting
 + Level 5.8 Axes
 - Level 1.2 Throwing
 - Level 3.2 Armour
 - Level 3.2 Shields


You had 5 spell levels left.
You didn't know any spells.
Your spell library was empty.

Inventory:

Hand Weapons
 b - a +0 flail
 Y - a +0 war axe (weapon)
Missiles
 q - 5 javelins (quivered)
Armour
 c - a +0 buckler (worn)
 i - a +0 cloak (worn)
 k - a +0 pair of boots (worn)
 m - a +0 plate armour (worn)
Jewellery
 f - a ring of protection from fire (left hand)
 l - a ring of protection from fire (right hand)
 n - an amulet of guardian spirit (around neck)
Scrolls
 a - a scroll of identify
Potions
 d - a potion of might
 e - a potion of resistance
 r - a potion of ambrosia {unknown}

Dungeon Overview and Level Annotations

Branches:
Dungeon (7/15)
 Temple: D:4-7

Altars:
Ashenzari
The Shining One

Annotations:
D:4 Menkaure


Message History

There is a stone staircase leading up here.
A gnoll sergeant is nearby!
The gnoll sergeant closely misses you.
You slash the gnoll sergeant!
The gnoll sergeant is heavily wounded.
The gnoll sergeant hits you with a +4 heavy spear.
You hit the gnoll sergeant.
The gnoll sergeant is heavily wounded.
A gnoll comes into view. It is wielding a +0 spear.
The gnoll sergeant hits you with a +4 heavy spear!
The gnoll shouts!
You hit the gnoll sergeant but do no damage.
The gnoll sergeant is heavily wounded.
The gnoll sergeant hits you with a +4 heavy spear.
You closely miss the gnoll sergeant.
The gnoll sergeant is heavily wounded.
You completely miss the gnoll sergeant.
The gnoll sergeant is heavily wounded.
The gnoll sergeant hits you with a +4 heavy spear.
You barely miss the gnoll sergeant.
The gnoll sergeant is heavily wounded.
The gnoll sergeant hits you with a +4 heavy spear!
The gnoll barely misses you.
2370 ||| READING scroll of teleportation.
As you read the scroll of teleportation, it crumbles to dust.
You feel strangely unstable. You block the gnoll's attack.
The gnoll sergeant hits you with a +4 heavy spear.
You hit the gnoll sergeant but do no damage.
The gnoll sergeant is heavily wounded.
The gnoll hits you but does no damage.
The gnoll sergeant hits you with a +4 heavy spear.
You closely miss the gnoll sergeant.
The gnoll sergeant is heavily wounded.
The gnoll hits you but does no damage.
You hit the gnoll sergeant.
The gnoll sergeant is severely wounded.
The gnoll hits you from afar with a +0 spear.
The gnoll sergeant hits you with a +4 heavy spear.
You die...

#.......g.....#
########..###.# #
#..###.####...#
#..#..........#
#####.g#.#.#####.##
............# ###
.#.######.###
############ #..
#....#####..........#
##.
#.#...gg@.<#.######.#
## #.#.######...#
###.##### # #.# #####
#......# ... #.#.##.#
.... #.#.##.# .....
#.#....# .###...
##.###..## #. #.
#......... #.......#.


You could see a gnoll sergeant and a gnoll.

Vanquished Creatures
  A scorpion (D:3)
  A hound (D:6)
  An orc priest (D:3)
  Jessica (D:3)
  An orc wizard (D:7)
  6 gnolls
  7 adders
  An ufetubus (D:6)
  2 worms (D:3)
  9 orcs
  3 bats (D:3)
  6 endoplasms
  6 giant cockroaches
  2 goblins (D:3)
  6 hobgoblins
  6 jackals (D:2)
  2 kobolds (D:3)
  2 quokkas
  4 ball pythons
  4 frilled lizards (D:1)
  2 rats
73 creatures vanquished.

Notes
Turn   | Place    | Note
-------+----------+-------------------------------------------
     0 | D:1      | qw the Gargoyle Fighter began the quest for the Orb.
     0 | D:1      | Reached XP level 1. HP: 14/14 MP: 1/1
     0 | D:1      | 0 ||| qw: Version: 0.2-a-108-gee2c290
     0 | D:1      | 0 ||| qw: Game counter: 1413
     0 | D:1      | 0 ||| qw: Always use a shield: true
     0 | D:1      | 0 ||| qw: God list: Okawaru
     0 | D:1      | 0 ||| qw: Allow faded altars: false
     0 | D:1      | 0 ||| qw: Do Orc after D:15 true
     0 | D:1      | 0 ||| qw: Do second Lair branch before Depths: true
     0 | D:1      | 0 ||| qw: Lair rune preference: random
     0 | D:1      | 0 ||| qw: Plans: Normal, Zot:1-4, Slime:5, God:TSO, Crypt,
                  | Tomb, Abyss, Pan, Hells, Win
     0 | D:1      | 0 ||| PLANNING D:1-11
     2 | D:1      | Noticed a felid
     2 | D:1      | Noticed an octopode
     4 | D:1      | Noticed a naga
     4 | D:1      | Noticed a demigod
     6 | D:1      | Noticed an armataur
     6 | D:1      | Noticed a merfolk
     8 | D:1      | Noticed a vampire
    10 | D:1      | Noticed a vine stalker
    10 | D:1      | Noticed an elf
    12 | D:1      | Noticed a demonspawn
    12 | D:1      | Noticed a draconian
    14 | D:1      | Noticed a troll
    14 | D:1      | Noticed a spriggan
    16 | D:1      | Noticed a human
    16 | D:1      | Noticed a ghoul
    18 | D:1      | Noticed a minotaur
    18 | D:1      | Noticed a meteoran
    20 | D:1      | Noticed an ogre
    22 | D:1      | Noticed a formicid
    22 | D:1      | Noticed a gargoyle
    24 | D:1      | Noticed an elf
    24 | D:1      | Noticed a tengu
    26 | D:1      | Noticed a demigod
    26 | D:1      | Noticed a troll
    67 | D:1      | Reached skill level 2 in Axes
   146 | D:1      | Reached XP level 2. HP: 6/19 MP: 2/2
   201 | D:1      | Found a faded altar of an unknown god.
   320 | D:1      | 320 ||| Stepping ~*~*~tactically~*~*~ (stealth).
   321 | D:1      | 321 ||| Stepping ~*~*~tactically~*~*~ (stealth).
   322 | D:1      | 322 ||| Stepping ~*~*~tactically~*~*~ (stealth).
   326 | D:1      | 326 ||| Stepping ~*~*~tactically~*~*~ (stealth).
   567 | D:1      | 567 ||| DROPPING scarf of shadows.
   568 | D:1      | 568 ||| UPGRADING to +0 pair of boots.
   573 | D:1      | 573 ||| UPGRADING to ring of protection from fire.
   574 | D:1      | 574 ||| UPGRADING to ring of protection from fire.
   575 | D:1      | 575 ||| READING 2 scrolls labelled WIPOSHUEPS.
   576 | D:1      | 576 ||| READING scroll labelled QIAX GIRAO.
   577 | D:1      | 577 ||| READING scroll labelled HALILAADOCW.
   610 | D:2      | 610 ||| Stepping ~*~*~tactically~*~*~ (stealth).
   633 | D:2      | Reached skill level 3 in Axes
   636 | D:2      | Reached XP level 3. HP: 14/23 MP: 3/3
   680 | D:2      | 680 ||| Stepping ~*~*~tactically~*~*~ (stealth).
   695 | D:2      | 695 ||| Stepping ~*~*~tactically~*~*~ (stealth).
   696 | D:2      | 696 ||| Stepping ~*~*~tactically~*~*~ (stealth).
   703 | D:2      | 703 ||| Stepping ~*~*~tactically~*~*~ (stealth).
   704 | D:2      | 704 ||| Stepping ~*~*~tactically~*~*~ (stealth).
   882 | D:2      | Reached XP level 4. HP: 28/28 MP: 4/4
   977 | D:2      | Reached skill level 1 in Throwing
  1019 | D:2      | 1019 ||| Stepping ~*~*~tactically~*~*~ (stealth).
  1308 | D:2      | 1308 ||| UPGRADING to +0 cloak.
  1313 | D:2      | 1313 ||| UPGRADING to +0 plate armour.
  1323 | D:2      | 1323 ||| DROPPING +0 scale mail.
  1324 | D:2      | 1324 ||| DROPPING ring of magical power.
  1325 | D:2      | 1325 ||| DROPPING ring of fire.
  1326 | D:2      | 1326 ||| READING scroll labelled RUZXOSTRU RIEM.
  1331 | D:2      | 1331 ||| READING scroll labelled HEUZIFI PIMIRU JEU.
  1332 | D:2      | 1332 ||| DRINKING 2 fizzy puce potions.
  1333 | D:2      | 1333 ||| DRINKING 2 bubbling blue potions.
  1334 | D:2      | 1334 ||| DROPPING potion of flight.
  1409 | D:3      | Noticed a scorpion
  1416 | D:3      | Killed a scorpion
  1417 | D:3      | Reached skill level 4 in Axes
  1417 | D:3      | Reached XP level 5. HP: 27/32 MP: 5/5
  1421 | D:3      | 1421 ||| FLEEEEING.
  1441 | D:3      | 1441 ||| Stepping ~*~*~tactically~*~*~ (stealth).
  1573 | D:3      | Reached skill level 5 in Axes
  1586 | D:3      | Noticed Jessica
  1587 | D:3      | 1587 ||| Stepping ~*~*~tactically~*~*~ (stealth).
  1592 | D:3      | 1592 ||| Stepping ~*~*~tactically~*~*~ (stealth).
  1593 | D:3      | 1593 ||| Stepping ~*~*~tactically~*~*~ (stealth).
  1594 | D:3      | 1594 ||| Stepping ~*~*~tactically~*~*~ (stealth).
  1601 | D:3      | 1601 ||| FLEEEEING.
  1602 | D:3      | 1602 ||| FLEEEEING.
  1603 | D:3      | 1603 ||| FLEEEEING.
  1604 | D:3      | 1604 ||| FLEEEEING.
  1605 | D:3      | 1605 ||| FLEEEEING.
  1606 | D:3      | 1606 ||| FLEEEEING.
  1607 | D:3      | 1607 ||| FLEEEEING.
  1608 | D:3      | 1608 ||| FLEEEEING.
  1609 | D:3      | 1609 ||| Stepping ~*~*~tactically~*~*~ (hiding).
  1621 | D:3      | Killed Jessica
  1686 | D:3      | Reached XP level 6. HP: 38/38 MP: 6/6
  1774 | D:3      | Found a broken altar of Ashenzari.
  1958 | D:3      | 1958 ||| DROPPING scarf of shadows.
  1959 | D:3      | 1959 ||| UPGRADING to amulet of guardian spirit.
  1964 | D:3      | 1964 ||| READING scroll labelled FOITWA WIFE.
  1965 | D:3      | 1965 ||| READING scroll labelled TUOPSUW ALALA.
  1966 | D:3      | 1966 ||| READING scroll labelled OROMIE JEVEMY.
  1971 | D:4      | Noticed Menkaure
  1971 | D:4      | You fall into a shaft and drop 3 floors!
  1997 | D:7      | 1997 ||| Stepping ~*~*~tactically~*~*~ (stealth).
  2050 | D:7      | 2050 ||| DROPPING +0 mace.
  2069 | D:7      | 2069 ||| Stepping ~*~*~tactically~*~*~ (hiding).
  2070 | D:7      | 2070 ||| Stepping ~*~*~tactically~*~*~ (hiding).
  2106 | D:7      | 2106 ||| Stepping ~*~*~tactically~*~*~ (stealth).
  2108 | D:7      | 2108 ||| Stepping ~*~*~tactically~*~*~ (stealth).
  2110 | D:7      | 2110 ||| Stepping ~*~*~tactically~*~*~ (hiding).
  2146 | D:7      | 2146 ||| Stepping ~*~*~tactically~*~*~ (stealth).
  2194 | D:6      | 2194 ||| PLANNING OSSUARY
  2216 | D:6      | Found a glowing golden altar of the Shining One.
  2282 | D:6      | 2282 ||| Stepping ~*~*~tactically~*~*~ (stealth).
  2300 | D:6      | 2300 ||| Stepping ~*~*~tactically~*~*~ (stealth).
  2302 | D:6      | 2302 ||| Stepping ~*~*~tactically~*~*~ (stealth).
  2304 | D:6      | 2304 ||| Stepping ~*~*~tactically~*~*~ (stealth).
  2308 | D:6      | 2308 ||| Stepping ~*~*~tactically~*~*~ (stealth).
  2309 | D:6      | 2309 ||| Stepping ~*~*~tactically~*~*~ (stealth).
  2310 | D:6      | 2310 ||| Stepping ~*~*~tactically~*~*~ (stealth).
  2318 | D:6      | 2318 ||| Stepping ~*~*~tactically~*~*~ (stealth).
  2319 | D:6      | 2319 ||| FLEEEEING.
  2320 | D:6      | 2320 ||| FLEEEEING.
  2321 | D:6      | 2321 ||| FLEEEEING.
  2322 | D:6      | 2322 ||| FLEEEEING.
  2323 | D:6      | 2323 ||| FLEEEEING.
  2324 | D:6      | 2324 ||| FLEEEEING.
  2325 | D:6      | 2325 ||| FLEEEEING.
  2326 | D:6      | 2326 ||| FLEEEEING.
  2329 | D:6      | 2329 ||| FLEEEEING.
  2330 | D:6      | 2330 ||| FLEEEEING.
  2333 | D:6      | 2333 ||| FLEEEEING.
  2334 | D:6      | 2334 ||| STAIRDANCE
  2335 | D:5      | Entered Level 5 of the Dungeon
  2369 | D:6      | HP: 9/38 [gnoll sergeant/+4 heavy spear (11)]
  2370 | D:6      | 2370 ||| READING scroll of teleportation.
  2371 | D:6      | HP: 4/38 [gnoll sergeant/+4 heavy spear (4)]
  2373 | D:6      | Slain by a gnoll sergeant

Levels and vault maps discovered:
D:1:      kb_arrival_jail, layout_rooms,
          shapermc_ecumenical_altar_starsandcircs,
          hangedman_abyss_or_decor_lesser_grid, hangedman_feature_mirror
D:2:      layout_basic
D:3:      layout_rooms, lemuel_round_altar, uniq_jessica
D:4:      layout_cave_pools, grunt_temple_overflow_diamond,
          minmay_temple_entry_wispy, serial_forest, infiniplex_forest_end_2,
          infiniplex_forest_side_room, infiniplex_forest_end_3,
          infiniplex_forest_corner_1, infiniplex_forest_end_1,
          infiniplex_forest_lined_1, uniq_menkaure
D:5:      layout_gridville, mainiacjoe_overflow_six_doors_small, minivault_26,
          kennysheep_generic_room_6
D:6:      layout_loops_cross, nicolae_tso_swordbearing_angel,
          gup_ossuary_entry_pyramid, minivault_25
D:7:      layout_loops_cross, uniq_maggie

Skill      XL: |  1  2  3  4  5  6 |
---------------+-------------------+-----
Axes           | 2 3 4 5 |  5.8
Throwing       | 1 |  1.2
Fighting       | 4 |  4.0
Armour         | |  3.2
Shields        | |  3.2

Action                     |  1- 3 |  4- 6 || total
---------------------------+-------+-------++-------
  Melee: War axe           |    80 |   120 ||   200
  Throw: Javelin           |     3 |    33 ||    36
    Use: Scroll            |     3 |     6 ||     9
         Potion            |       |     2 ||     2
 Armour: Scale mail        |    33 |     6 ||    39
         Plate armour      |       |    64 ||    64
  Dodge: Dodged            |    39 |    47 ||    86
  Block: Buckler           |    22 |    21 ||    43

Table legend:
 A = Non-vault XP
 B = Vault XP
 C = Vault XP percentage of total XP
 D = Non-vault monster count
 E = Vault monster count
 F = Vault count percentage of total count
                 A         B        C        D         E       F
            +---------+---------+-------+---------+---------+-------
      Total |     491 |      40 |   7.5 |      70 |       3 |   4.1
            +---------+---------+-------+---------+---------+-------
        D:1 |      19 |       3 |  13.6 |      12 |       2 |  14.3
        D:2 |     106 |       0 |   0.0 |      26 |       0 |   0.0
        D:3 |     187 |      37 |  16.5 |      20 |       1 |   4.8
        D:6 |      93 |       0 |   0.0 |       5 |       0 |   0.0
        D:7 |      86 |       0 |   0.0 |       7 |       0 |   0.0
            +---------+---------+-------+---------+---------+-------
